 Dungeon Crawl Stone Soup version 0.30-a0-1163-gf69bf04e7a (webtiles) character file.

Game seed: 15707715477072518737

2308 lunkers the Arsonist (level 10, -3/71 HPs)
             Began as a Meteoran Fire Elementalist on Apr 28, 2023.
             Was a Follower of Vehumet.
             Killed themself with a badly aimed concussive blast (24 damage)
             ... on level 8 of the Dungeon.
             The game lasted 00:11:33 (2305 turns).

lunkers the Arsonist (Meteoran Fire Elementalist)   Turns: 2305, Time: 00:11:34

Health: -3/71      AC:  8    Str: 11    XL:     10   Next: 0%
Magic:  12/22      EV: 19    Int: 22    God:    Vehumet [*.....]
Gold:   220        SH:  0    Dex: 24    Spells: 14/24 levels left

rFire   . . .        a - +8 trident of Ceplax {heavy, Int+2 Dex+3 SInv}
rCold   . . .        (no shield)
rNeg    . . .        b - +0 steam dragon scales
rPois   .            h - +0 helmet
rElec   .            (no cloak)
rCorr   .            k - +0 pair of gloves
SInv    +            n - +0 pair of boots
Will    +....        (no amulet)
Stlth   +            e - +5 ring of evasion
HPRegen 0.31/turn    m - +6 ring of dexterity
MPRegen 0.18/turn

%: no passive effects
@: glowing
A: sense surroundings 2, otherworldly, glowing, explore regen
a: Renounce Religion


You were on level 8 of the Dungeon.
You worshipped Vehumet.
Vehumet was aware of your devotion.
You visited 2 branches of the dungeon, and saw 9 of its levels.

You collected 220 gold pieces.

Inventory:

Hand Weapons
 a - the +8 trident of Ceplax (weapon) {heavy, Int+2 Dex+3 SInv}
   (You found it on level 7 of the Dungeon)

   Int:       It affects your intelligence (+2).
   Dex:       It affects your dexterity (+3).
   SInv:      It lets you see invisible.
 d - a +2 dagger of holy wrath
 u - a +2 quarterstaff of pain
 v - a +3 dagger of draining
Missiles
 l - a throwing net
Armour
 b - +0 steam dragon scales (worn)
 h - a +0 helmet (worn)
 k - a +0 pair of gloves (worn)
 n - a +0 pair of boots (worn)
Magical Staves
 p - a staff of death
Jewellery
 e - a +5 ring of evasion (left hand)
 g - a ring of resist corrosion
 m - a +6 ring of dexterity (right hand)
Wands
 c - a wand of digging (5)
 o - a wand of charming (8)
 r - a wand of flame (16)
Scrolls
 i - 4 scrolls of teleportation
 q - 2 scrolls of blinking {unknown}
 s - a scroll of brand weapon {unknown}
 t - a scroll of vulnerability {unknown}
Potions
 f - 5 potions of mutation
 j - 5 potions of curing


   Skills:
 + Level 1.1 Fighting
 + Level 2.9 Dodging
 - Level 1.4 Stealth
 + Level 7.7 Spellcasting
 + Level 7.2 Conjurations
 * Level 10.9 Fire Magic


You had 14 spell levels left.
You knew the following spells:

 Your Spells              Type           Power      Damage    Failure   Level
a - Foxfire               Conj/Fire      100%       2x1d9     1%          1
b - Scorch                Fire           100%       2d9       1%          2
c - Flame Wave            Conj/Fire      48%        2d12      1%          4
d - Volatile Blastmotes   Fire/Tloc      64%        2d15      2%          3

Your spell library contained the following spells:

 Spells                   Type           Power      Damage    Failure   Level
 Shock                    Conj/Air       96%        1d9       1%          1
 Inner Flame              Hex/Fire       32%        N/A       2%          3
 Mephitic Cloud           Conj/Pois/Air  19%        N/A       9%          3
 Poisonous Vapours        Pois/Air       16%        N/A       12%         2
 Anguish                  Hex/Necr       4%         N/A       58%         4
 Cause Fear               Hex            4%         N/A       58%         4
 Freezing Cloud           Conj/Ice/Air   9%         6-21      61%         5
 Enfeeble                 Hex            4%         N/A       100%        7


Dungeon Overview and Level Annotations

Branches:
Dungeon (8/15) Zot: 2555   Temple (1/1) D:4 Zot: 528
   Lair: D:8-11

Altars:
Ashenzari
Cheibriados
Dithmenos
Elyvilon
Fedhas
Gozag
Hepliaklqana
Kikubaaqudgha
Makhleb
Nemelex Xobeh
Okawaru
Qazlal
Ru
Sif Muna
Uskayaw
Vehumet
Wu Jian
Xom
The Shining One

Shops:
D:4 ?


Innate Abilities, Weirdness & Mutations

You passively map the area around you.
You are easily found by Zot.
You glow in the dark.
You regain HP and MP as you explore.


Message History

You feel your power returning. The bullfrog misses you.
The bullfrog barely misses you.
You have reached level 10!
A bullfrog comes into view.
The bullfrog barely misses you. The bullfrog attacks as you move away!
The bullfrog closely misses you. The killer bee completely misses you.
The bullfrog attacks as you move away! The bullfrog barely misses you.
The killer bee stings you. The bullfrog barely misses you.
The killer bee attacks as you move away!
The killer bee stings you but does no damage.
The killer bee completely misses you.
The killer bee attacks as you move away!
The killer bee barely misses you. The killer bee closely misses you.
The killer bee stings you.
Casting: Scorch (safe; 1% risk of failure)
Confirm with . or Enter, or press ? or * to list all spells.
Okay, then.
Casting: Scorch (safe; 1% risk of failure)
Confirm with . or Enter, or press ? or * to list all spells.
A cloud of volatile blastmotes flares up around you!
The killer bee stings you. x2
The cloud of blastmotes explodes!
The concussive blast engulfs the killer bee.
The killer bee is moderately wounded.
The concussive blast engulfs you!!
* * * LOW HITPOINT WARNING * * *
You are knocked back by the blast.
You hear an angry hiss.
You hear a shout!
You hear a croak.
Casting: Volatile Blastmotes (mildly dangerous; 2% risk of failure)
Confirm with . or Enter, or press ? or * to list all spells.
A cloud of volatile blastmotes flares up around you!
The killer bee closely misses you. The killer bee stings you!
* * * LOW HITPOINT WARNING * * *
The cloud of blastmotes explodes!
The concussive blast engulfs the killer bee!
You kill the killer bee!
Vehumet accepts your kill.
You feel your power returning. The concussive blast engulfs you!!
You die...

#.# ######.## #.###
#.#####......># #.#
#.##.....##<<.## #.#
#.##.....#.....#####.#
#....................
####.....###..#######
#.....###..#
####.......# ##.###@##
* #####..# #†# , ,
......###.# , ,,
......##F# , ,
#......#S# #** , ###
#.###..#O##.... ,, * ,
....#....O..>....... *
* ,
#F.......##.##.###. **
#.###.?..#...# # ,


You could see a two-headed ogre, a water moccasin and a bullfrog.

Vanquished Creatures
  A hornet (D:8)
  A steam dragon (D:7)
  Edmund (D:5)
  A black bear (D:6)
  4 centaurs
  An ogre (D:7)
  A phantom (D:6)
  A bullfrog (D:5)
  A gnoll sergeant (D:6)
  A scorpion (D:5)
  7 wights
  A killer bee (D:8)
  A howler monkey (D:8)
  3 hounds
  3 jellies
  2 sleepcaps
  An iguana (D:7)
  4 gnolls (D:6)
  2 dart slugs
  8 orcs
  3 endoplasms
  2 giant cockroaches
  4 goblins
  3 hobgoblins
  3 jackals (D:2)
  5 kobolds
  3 quokkas
  4 ball pythons
  2 bats
  3 frilled lizards
  7 rats
84 creatures vanquished.

Vanquished Creatures (collateral kills)
  Maggie (D:6)
  An orc (D:6)
2 creatures vanquished.

Vanquished Creatures (others)
  A centaur (D:6)
  A howler monkey (D:6)
  An orc (D:6)
  38 foxfires
  A fungus (D:1)
  7 plants (D:6)
49 creatures vanquished.

Grand Total: 135 creatures vanquished

Notes
Turn   | Place    | Note
-------+----------+-------------------------------------------
     0 | D:1      | lunkers the Meteoran Fire Elementalist began the quest for
                  | the Orb.
     0 | D:1      | Reached XP level 1. HP: 14/14 MP: 5/5
   147 | D:1      | Reached XP level 2. HP: 20/20 MP: 4/6
   152 | D:1      | Reached skill level 4 in Fire Magic
   197 | D:1      | Found a faded altar of an unknown god.
   212 | D:1      | Learned a level 2 spell: Scorch
   269 | D:1      | Reached XP level 3. HP: 26/26 MP: 8/8
   455 | D:3      | Found Guschukk's Antique Armour Boutique.
   605 | D:3      | Reached XP level 4. HP: 33/33 MP: 6/9
   720 | D:4      | Found Uhongosh's Magic Scroll Shoppe.
   758 | D:4      | Reached skill level 5 in Fire Magic
   795 | D:4      | Found a staircase to the Ecumenical Temple.
   820 | Temple   | Entered the Ecumenical Temple
   882 | Temple   | Became a worshipper of Vehumet
  1047 | D:5      | Entered Level 5 of the Dungeon
  1053 | D:5      | Reached XP level 5. HP: 38/38 MP: 6/11
  1058 | D:5      | Learned a level 4 spell: Flame Wave
  1128 | D:5      | Reached XP level 6. HP: 45/45 MP: 5/13
  1132 | D:5      | Learned a level 3 spell: Volatile Blastmotes
  1159 | D:5      | Noticed Edmund
  1172 | D:5      | Killed Edmund
  1173 | D:5      | Reached skill level 6 in Fire Magic
  1405 | D:5      | Reached XP level 7. HP: 50/50 MP: 7/15
  1453 | D:6      | Noticed Maggie
  1463 | D:6      | Reached skill level 7 in Fire Magic
  1464 | D:6      | Reached skill level 5 in Spellcasting
  1474 | D:6      | Killed Maggie
  1475 | D:6      | Reached skill level 5 in Conjurations
  1475 | D:6      | Reached skill level 8 in Fire Magic
  1475 | D:6      | Reached XP level 8. HP: 57/57 MP: 0/17
  1690 | D:7      | Reached skill level 9 in Fire Magic
  1710 | D:7      | Gained mutation: You passively map the area around you.
                  | [Meteoran growth]
  1710 | D:7      | Reached XP level 9. HP: 57/62 MP: 14/19
  1926 | D:7      | Reached * piety under Vehumet
  1926 | D:7      | Offered knowledge of Shock by Vehumet.
  1927 | D:7      | Reached skill level 10 in Fire Magic
  2014 | D:7      | Identified the +8 trident of Ceplax {heavy, Int+2 Dex+3
                  | SInv}
  2255 | D:8      | Noticed a hornet
  2262 | D:8      | Killed a hornet
  2263 | D:8      | Reached skill level 1 in Fighting
  2291 | D:8      | Noticed a two-headed ogre
  2295 | D:8      | Reached XP level 10. HP: 61/71 MP: 15/22
  2305 | D:8      | Killed themself with a badly aimed concussive blast

Illustrated notes

Levels and vault maps discovered:
D:1:      amcnicky_arrival_double_pillar, layout_loops_cross,
          shapermc_ecumenical_altar_mp_ritualfount, nicolae_figureground_pulse
D:2:      layout_loops_cross, basic_altar
D:3:      layout_rooms, serial_shops, nicolae_shop_stone
D:4:      layout_loops_ring, temple_statues, serial_shops,
          nicolae_shop_just_a_little_nook
D:5:      layout_basic, minmay_misc_feat_hallway, kennysheep_crisscross,
          uniq_edmund, uniq_grinder
D:6:      layout_loops_ring, mainiacjoe_overflow_alcove_1, minivault_23,
          nicolae_grassy_gnolls, uniq_maggie
D:7:      layout_basic
D:8:      hangedman_cross_stitches, layout_loops_corners, minivault_14
Temple:   hellmonk_temple_of_storms

Skill      XL: |  1  2  3  4  5  6  7  8  9 |
---------------+----------------------------+-----
Fire Magic     | 4 5 6 8 9 10 | 10.9
Spellcasting   | 3 4 5 6 7 |  7.7
Conjurations   | 2 3 5 7 |  7.2
Fighting       | 1 |  1.1
Dodging        | |  2.9
Stealth        | |  1.4

Action                     |  1- 3 |  4- 6 |  7- 9 | 10-12 || total
---------------------------+-------+-------+-------+-------++-------
  Melee: Unarmed           |     1 |       |       |       ||     1
         Dagger            |    17 |     3 |    31 |       ||    51
         Trident           |       |       |    14 |       ||    14
         Punch             |       |       |     1 |       ||     1
   Cast: Foxfire           |    12 |       |    10 |       ||    22
         Scorch            |    20 |    31 |    65 |       ||   116
         Volatile Blastmot |       |       |       |     2 ||     2
  Evoke: Wand              |       |       |     3 |       ||     3
    Use: Scroll            |       |     5 |     1 |       ||     6
         Potion            |       |     1 |       |       ||     1
 Armour: Robe              |     6 |     1 |     5 |       ||    12
         Steam dragon scal |       |       |    31 |     1 ||    32
  Dodge: Dodged            |    22 |    11 |    99 |     9 ||   141

Table legend: (Time is in decaauts)
 A = Elapsed time spent in this place.
 B = Non-inter-level travel time spent in this place.
 C = Inter-level travel time spent in this place.
 D = Time resting spent in this place.
 E = Time spent auto-exploring this place.
 F = Levels seen in this place.
 G = Mean time per level.
                   A        B        C        D        E       F      G
               +--------+--------+--------+--------+--------+-----+--------+
         Total |   2315 |   2279 |     36 |      0 |   1319 |   9 |  257.2 |
       Dungeon |   2243 |   2207 |     36 |      0 |   1301 |   8 |  280.4 |
        Temple |     71 |     71 |      0 |      0 |     18 |   1 |   71.0 |
               +--------+--------+--------+--------+--------+-----+--------+

Top non-repeatable levels by time:
     D:7: 445 daAuts
     D:5: 371 daAuts
     D:3: 291 daAuts
     D:4: 281 daAuts
     D:1: 274 daAuts
     D:6: 253 daAuts
     D:8: 199 daAuts
     D:2: 125 daAuts
  Temple: 71 daAuts
